Map: Inside and Out

Players

Astrea

  • Race: Protoss Protoss
  • Spawn Location: 7:00

Scarlett - Winner!

  • Race: Zerg Zerg
  • Spawn Location: 1:00

Event: DreamHack SC2 Masters 2022 Atlanta (Offline)

VOD

Have the link to the VOD?

Description

Time

  • Played on: Nov. 18, 2022, 6:44 p.m.
  • Length: 21:27

All games in this series

Show
View Real Time Build Order
Export as new Build Order

Astrea Protoss 

Build Orders: 1 Gate Expand, Mass Adepts 

Get SALT Encoding   

  12  0:00  Probe  
  13  0:12  Probe  
  14  0:17  Pylon  
  14  0:24  Probe (Chrono Boost)  
  15  0:36  Probe (Chrono Boost)  
  15  0:38  Gateway  
  16  0:45  Probe (Chrono Boost)  
  17  0:50  Assimilator  
  17  0:51  Probe  
  18  1:03  Probe  
  19  1:15  Probe  
  20  1:24  Nexus  
  20  1:27  Probe  
  21  1:36  Cybernetics Core  
  21  1:43  Assimilator  
  21  1:44  Probe  
  22  1:50  Pylon  
  22  1:56  Probe  
  23  2:09  Adept (Chrono Boost), Probe (Chrono Boost)  
  23  2:12  Warp Gate  
  26  2:18  Probe (Chrono Boost)  
  26  2:20  Twilight Council  
  27  2:23  Probe (Chrono Boost)  
  28  2:30  Stalker (Chrono Boost)  
  28  2:35  Probe  
  31  2:37  Probe  
  32  2:47  Probe  
  32  2:49  Probe  
  34  2:51  Robotics Facility  
  34  2:59  Probe  
  34  3:01  Gateway  
  34  3:05  Gateway  
  35  3:09  Probe  
  35  3:11  Resonating Glaives (Chrono Boost)  
  36  3:14  Probe  
  37  3:21  Adept  
  37  3:22  Probe  
  37  3:26  Probe  
  41  3:28  Pylon  
  42  3:34  Probe  
  42  3:36  Warp Prism (Chrono Boost)  
  42  3:38  Probe  
  45  3:46  Probe  
  46  3:50  Probe  
  46  3:55  Robotics Bay  
  47  4:01  Adept x2  
  51  4:05  Adept  
  51  4:08  Assimilator, Pylon  
  53  4:12  Probe  
  54  4:23  Pylon  
  54  4:26  Adept x3, Probe  
  54  4:28  Probe  
  62  4:34  Assimilator  
  62  4:36  Pylon  
  62  4:41  Probe  
  61  4:47  Adept x3  
  61  4:50  Probe  
  68  4:54  Disruptor  
  67  5:08  Adept x3  
  67  5:09  Probe  
  72  5:18  Probe  
  65  5:28  Probe  
  64  5:29  Adept x3  
  64  5:30  Probe  
  64  5:31  Disruptor  
  64  5:33  Pylon x2  
  74  5:49  Adept x2  
  76  5:50  Adept  
  76  5:52  Probe  
  76  5:55  Nexus  
  75  6:09  Disruptor (Chrono Boost)  
  78  6:16  Probe  
  78  6:17  Probe, Pylon  
  76  6:18  Blink (Chrono Boost)  
  76  6:20  Pylon  
  76  6:24  Forge  
  76  6:29  Probe, Stalker  
  76  6:31  Probe  
  80  6:39  Shield Battery, Observer (Chrono Boost)  
  81  6:41  Probe  
  81  6:43  Probe  
  83  6:48  Gateway  
  83  6:50  Gateway  
  83  6:53  Probe  
  84  6:55  Probe  
  84  6:56  Disruptor  
  84  7:00  Protoss Ground Weapons Level 1 (Chrono Boost)  
  88  7:05  Probe  
  88  7:07  Probe  
  90  7:11  Probe  
  90  7:12  Stalker  
  93  7:17  Probe  
  93  7:18  Gateway  
  93  7:19  Gateway, Probe  
  95  7:23  Probe  
  95  7:28  Stalker x2  
  95  7:29  Probe  
  101  7:31  Probe  
  101  7:32  Disruptor  
  101  7:35  Probe  
  106  7:41  Probe  
  106  7:43  Probe  
  108  7:46  Stalker x2  
  108  7:47  Probe, Stalker  
  111  8:05  Stalker x2  
  115  8:08  Shield Battery  
  115  8:10  Disruptor, Shield Battery  
  118  8:13  Shield Battery  
  116  8:22  Stalker x4  
  116  8:25  Stalker  
  119  8:31  Stalker x2  
  75  8:50  Stalker x5  
  75  8:52  Probe x2  
  77  8:59  Stalker x2  
  76  9:13  Disruptor (Chrono Boost)  
  76  9:14  Nexus  
  76  9:16  Pylon  
  79  9:19  Stalker x3  
  79  9:22  Probe x2 (Chrono Boost)  
  87  9:30  Pylon  
  87  9:34  Probe x2 (Chrono Boost), Protoss Ground Weapons Level 2 (Chrono Boost)  
  89  9:43  Shield Battery  
  89  9:45  Probe (Chrono Boost)  
  89  9:51  Probe  
  91  9:56  Probe  
  91  9:59  Dark Shrine  
  92  10:03  Probe  
  92  10:06  Stalker x2  
  97  10:16  Stalker x2  
  101  10:25  Stalker  
  103  10:32  Zealot x2  
  107  10:40  Probe x2  
  109  10:43  Assimilator  
  109  10:44  Assimilator  
  109  10:49  Stalker x3  
  106  11:14  Shield Battery  
  106  11:15  Shield Battery  
  106  11:17  Dark Templar x3  
  112  11:21  Stalker  
  112  11:22  Stalker  
  116  11:26  Observer  
  117  11:36  Gateway  
  117  11:40  Pylon  
  117  11:42  Pylon  
  117  11:50  Stalker x4  
  117  11:53  Pylon  
  125  12:06  Nexus  
  125  12:16  Dark Templar x3  
  125  12:20  Archon, Sentry  
  125  12:21  Dark Templar  
  133  12:26  Archon  
  129  12:38  Stalker  
  129  12:39  Disruptor, Probe x3  
  129  12:42  Pylon  
  137  12:44  Photon Cannon  
  129  12:51  Probe  
  129  12:57  Stalker x2  
  129  12:58  Stalker x2  
  131  13:03  Dark Templar x2  
  126  13:22  Disruptor  
  125  13:27  Stalker x4  
  129  13:42  Probe x2  
  129  13:45  Protoss Ground Weapons Level 3 (Chrono Boost)  
  129  13:47  Stalker x2  
  131  13:57  Probe x4  
  135  14:03  Observer (Chrono Boost)  
  135  14:04  Dark Templar  
  135  14:07  Stalker x3  
  135  14:09  Probe x4  
  148  14:14  Assimilator  
  148  14:18  Assimilator  
  148  14:20  Dark Templar  
  148  14:21  Probe x2  
  148  14:23  Probe x2  
  154  14:27  Shield Battery  
  154  14:31  Dark Templar x3  
  160  14:33  Dark Templar  
  160  14:36  Archon  
  160  14:37  Disruptor (Chrono Boost), Archon  
  165  14:48  Photon Cannon  
  165  14:51  Pylon x2  
  165  14:57  Dark Templar x2  
  167  15:02  Archon  
  167  15:03  Photon Cannon x2  
  165  15:11  Dark Templar x2  
  169  15:15  Disruptor (Chrono Boost), Archon, Photon Cannon x2  
  169  15:20  Gateway  
  169  15:21  Gateway  
  172  15:24  Dark Templar x2  
  176  15:28  Archon  
  176  15:36  Dark Templar  
  176  15:37  Dark Templar  
  176  15:42  Disruptor (Chrono Boost)  
  180  15:45  Nexus  
  180  15:49  Dark Templar, Pylon  
  183  16:05  Stalker x2  
  176  16:27  Stalker x6  
  176  16:29  Probe x3  
  176  16:30  Photon Cannon  
  176  16:31  Dark Templar  
  176  16:32  Dark Templar, Photon Cannon  
  195  16:33  Shield Battery  
  195  16:37  Archon x2, Pylon  
  195  16:39  Warp Prism (Chrono Boost)  
  195  17:00  Dark Templar x2  
  198  17:03  Charge  
  198  17:05  Assimilator  
  198  17:06  Assimilator  
  198  17:07  Templar Archives  
  196  17:13  Archon  
  188  17:20  Protoss Shields Level 1 (Chrono Boost), Stalker x5  
  173  17:25  Stalker  
  159  17:36  Zealot x2  
  127  17:48  Disruptor  
  130  17:57  Probe x2  
  126  18:00  Stalker  
  126  18:01  Zealot x6  
  140  18:16  Gateway x2  
  140  18:22  Psionic Storm  
  140  18:30  Photon Cannon  
  139  18:35  High Templar x2  
  139  18:39  Zealot x3  
  139  18:40  Zealot x2  
  153  18:54  Nexus  
  153  18:55  Pylon  
  153  18:59  Photon Cannon  
  153  19:00  Observer (Chrono Boost), Photon Cannon  
  153  19:01  Photon Cannon  
  152  19:19  Observer (Chrono Boost)  
  152  19:23  High Templar x2  
  157  19:27  Zealot x7  
  169  19:47  Nexus  
  143  20:07  Stalker  
  143  20:08  Stalker x8  
  100  20:32  High Templar x4  
  100  20:33  Zealot x5  
  116  20:37  Probe x5  
  116  20:39  Assimilator x2  
  99  20:58  Archon  
  99  21:03  Dark Templar x2  
  88  21:05  Stalker  
  88  21:06  Stalker  
  88  21:10  Zealot x5  
Show
View Real Time Build Order
Export as new Build Order

Scarlett Zerg - Winner!

Build Orders: Hatch First 

Get SALT Encoding   

  12  0:00  Drone  
  13  0:12  Overlord  
  13  0:17  Drone  
  14  0:30  Drone x2  
  16  0:47  Hatchery  
  15  0:51  Drone  
  15  0:54  Drone  
  17  0:57  Drone  
  18  1:09  Extractor  
  17  1:13  Spawning Pool  
  17  1:16  Drone  
  17  1:20  Drone  
  18  1:27  Drone  
  19  1:38  Drone  
  20  1:49  Drone  
  21  1:59  Queen x2  
  21  2:00  Zergling x2, Overlord  
  26  2:09  Drone  
  26  2:11  Drone  
  26  2:12  Metabolic Boost  
  28  2:20  Drone  
  28  2:21  Drone  
  30  2:31  Drone  
  30  2:33  Drone  
  32  2:38  Hatchery  
  32  2:44  Queen  
  31  2:48  Overlord  
  33  2:54  Zergling x2  
  33  2:55  Drone  
  33  2:56  Drone  
  36  3:04  Overlord  
  36  3:07  Drone  
  36  3:08  Drone  
  36  3:09  Queen, Drone  
  41  3:14  Drone  
  41  3:19  Drone x2  
  44  3:23  Queen  
  46  3:28  Drone x2  
  48  3:37  Drone  
  49  3:44  Extractor  
  49  3:46  Roach Warren  
  49  3:47  Drone x5  
  52  3:54  Drone x3, Overlord  
  55  3:56  Overlord  
  55  3:59  Zergling x2  
  55  4:04  Zergling x2  
  56  4:12  Overlord  
  56  4:13  Zergling x4  
  58  4:23  Spore Crawler x2  
  56  4:25  Zergling x2  
  56  4:26  Roach x5  
  67  4:34  Roach x3  
  73  4:47  Zergling x10, Roach x2  
  81  4:58  Zergling x8  
  81  5:06  Zergling x8, Evolution Chamber  
  80  5:14  Evolution Chamber  
  80  5:17  Zergling x2  
  80  5:18  Zergling x6  
  80  5:20  Overlord  
  80  5:21  Overlord  
  76  5:29  Lair  
  76  5:30  Overlord  
  76  5:32  Drone x3  
  79  5:38  Overlord  
  78  5:46  Drone x2  
  76  5:53  Drone x5  
  76  5:54  Drone x5  
  76  5:55  Drone x2  
  88  6:02  Baneling Nest x2  
  85  6:12  Drone x4  
  85  6:16  Drone x2  
  88  6:22  Drone x3  
  88  6:23  Extractor  
  88  6:24  Drone  
  91  6:27  Extractor  
  91  6:28  Overlord  
  91  6:29  Glial Reconstitution, Drone x3  
  93  6:37  Overlord  
  93  6:38  Drone x2  
  95  6:40  Extractor  
  95  6:42  Overlord  
  95  6:44  Centrifugal Hooks  
  95  6:46  Overlord  
  95  6:53  Overlord x2  
  94  6:55  Roach x6  
  99  7:07  Zergling x4, Roach x4  
  109  7:14  Overseer  
  109  7:18  Zergling x6  
  112  7:23  Zergling x4  
  112  7:28  Zergling x12  
  120  7:33  Overlord  
  120  7:34  Zergling x6  
  123  7:37  Zergling x2  
  124  7:45  Zergling x2  
  124  7:46  Zergling x2  
  124  7:48  Zergling x2  
  125  7:59  Zergling x10  
  125  8:00  Zergling x6  
  125  8:03  Ravager  
  125  8:04  Ravager x7  
  125  8:05  Zergling x8, Baneling x6  
  138  8:08  Baneling x5  
  138  8:09  Zergling x4  
  143  8:17  Zergling x2  
  135  8:25  Zergling x14  
  137  8:33  Zergling x8  
  135  8:37  Zergling x4  
  113  8:43  Zergling x2  
  113  8:45  Roach  
  111  8:49  Evolution Chamber  
  111  8:51  Drone x5  
  113  8:59  Drone x5  
  113  9:01  Drone  
  116  9:07  Drone x3, Hatchery  
  116  9:10  Drone  
  116  9:12  Overlord  
  117  9:25  Drone x2, Zerg Melee Weapons Level 1  
  117  9:28  Roach x4  
  117  9:30  Extractor  
  126  9:32  Queen  
  126  9:35  Zergling x4  
  126  9:37  Hatchery  
  129  9:47  Overlord x3  
  129  9:48  Overlord x2  
  129  9:49  Zergling x2  
  129  9:51  Zergling x4  
  129  10:00  Zergling x12  
  129  10:01  Infestation Pit  
  129  10:05  Drone  
  129  10:06  Infestation Pit  
  132  10:20  Ravager x2  
  134  10:21  Baneling x22  
  134  10:22  Zergling x4  
  134  10:24  Zergling x4  
  137  10:30  Zergling x8  
  137  10:34  Drone x2  
  137  10:35  Drone  
  143  10:40  Baneling x9  
  143  10:42  Drone x2  
  145  10:48  Overseer  
  145  11:03  Drone x2  
  145  11:04  Drone x6  
  145  11:05  Zergling x20  
  151  11:14  Hive  
  151  11:15  Drone  
  152  11:24  Zerg Melee Weapons Level 2, Evolution Chamber  
  151  11:30  Spore Crawler, Spine Crawler  
  149  11:33  Drone x7  
  149  11:34  Drone x4  
  149  11:35  Drone  
  149  11:38  Drone  
  160  11:54  Zerg Missile Weapons Level 1  
  160  11:56  Pneumatized Carapace  
  160  11:57  Overseer  
  149  12:06  Drone x2, Spine Crawler  
  149  12:07  Drone x15, Spine Crawler  
  159  12:19  Zergling x8  
  156  12:28  Zergling x10  
  142  12:34  Drone x5  
  145  12:37  Viper  
  145  12:47  Spore Crawler  
  145  12:49  Zergling x16  
  141  12:57  Roach x4  
  141  13:01  Ravager x2, Viper x2  
  141  13:03  Overseer  
  149  13:06  Zergling x6  
  152  13:12  Zergling x2  
  152  13:13  Zergling x6  
  145  13:21  Zergling x2, Roach  
  145  13:22  Zergling x12, Roach x3  
  145  13:26  Roach x3  
  159  13:33  Roach x4  
  159  13:36  Roach  
  154  13:45  Roach x7  
  156  13:56  Spine Crawler  
  156  14:02  Hatchery, Adrenal Glands  
  154  14:05  Queen  
  154  14:08  Drone  
  154  14:09  Drone  
  158  14:18  Zerg Melee Weapons Level 3  
  158  14:19  Zerg Missile Weapons Level 2  
  158  14:31  Zergling x24  
  170  14:43  Zergling x8  
  172  14:51  Overseer  
  169  14:55  Spore Crawler, Drone x2, Spine Crawler  
  169  14:57  Drone x4  
  169  14:59  Spine Crawler  
  168  15:02  Drone  
  168  15:03  Spore Crawler  
  168  15:11  Drone x7  
  168  15:12  Queen  
  176  15:19  Spore Crawler, Drone x2  
  177  15:23  Drone x3  
  180  15:31  Spore Crawler  
  180  15:32  Ravager x6  
  180  15:34  Drone, Spine Crawler  
  185  15:35  Spire  
  185  15:38  Baneling x14  
  184  15:43  Baneling x5  
  184  15:44  Baneling x6  
  184  15:47  Drone  
  185  15:50  Drone x4  
  185  15:51  Drone  
  185  15:54  Zergling x2  
  185  15:55  Zergling x16  
  194  16:01  Ravager  
  183  16:23  Zergling x28  
  189  16:27  Overlord x2  
  189  16:31  Baneling x4  
  189  16:32  Overseer  
  189  16:34  Overlord x2  
  189  16:44  Extractor  
  189  16:46  Extractor  
  182  16:48  Greater Spire, Zerg Ground Armor Level 1  
  182  16:50  Zergling x14  
  182  16:51  Zergling x2  
  189  16:58  Ravager  
  186  17:16  Viper x2  
  186  17:20  Zergling x16, Roach x7  
  190  17:27  Roach  
  190  17:28  Roach  
  183  17:31  Hatchery  
  183  17:36  Zergling x8  
  175  17:40  Roach x2  
  168  17:48  Roach x3  
  149  17:53  Roach x3  
  153  18:00  Hatchery  
  152  18:09  Spine Crawler  
  152  18:10  Corruptor x6  
  163  18:20  Overseer  
  163  18:22  Corruptor  
  163  18:23  Corruptor x3  
  171  18:27  Overseer  
  171  18:44  Zerg Missile Weapons Level 3, Zerg Ground Armor Level 2  
  171  18:47  Brood Lord x5  
  181  18:49  Brood Lord, Spine Crawler  
  181  18:51  Zergling x16  
  188  19:02  Baneling x2  
  188  19:03  Baneling x2  
  188  19:05  Brood Lord  
  188  19:12  Brood Lord  
  190  19:31  Overseer  
  188  19:45  Zergling x4  
  188  19:46  Zergling x16  
  180  20:17  Zergling x36  
  179  20:26  Zergling x4  
  179  20:27  Hatchery  
  174  20:29  Brood Lord x2  
  174  20:32  Zergling x12  
  174  20:33  Baneling x7  
  180  20:38  Baneling x6  
  180  20:41  Zergling x10  
Tags
 
Add a new tag
Caveats
  • Supply blocks, unpowered buildings, or Contaminate may cause inaccurate times.
  • Supply counts are checked every 10 seconds.